 Dungeon Crawl Stone Soup version 0.30-a0-576-g89cddaab80 (webtiles) character file.

Game seed: 5945763750173756216

2846 wormed the Skirmisher (level 9, 0/47 HPs)
             Began as a Spriggan Hunter on Dec 31, 2022.
             Slain by a centaur (5 damage)
             ... on level 7 of the Dungeon.
             The game lasted 00:10:02 (7068 turns).

wormed the Skirmisher (Spriggan Hunter)             Turns: 7068, Time: 00:10:02

Health: 0/47       AC:  3    Str:  7    XL:     9   Next: 46%
Magic:  10/10      EV: 24    Int: 10    God:
Gold:   424        SH:  0    Dex: 23    Spells: 8/8 levels left

rFire   . . .      SeeInvis +    a - +0 shortbow
rCold   . . .      Faith    .    (shield currently unavailable)
rNeg    . . .      Spirit   .    c - +0 robe
rPois   +          Reflect  .    (helmet restricted)
rElec   .          Harm     .    r - +0 cloak
rCorr   .          Rampage  .    (gloves unavailable)
Will    ++...                    (boots unavailable)
Stlth   +++++                    (no amulet)
HPRegen 0.27/turn                n - ring of willpower
MPRegen 0.12/turn                (no ring)

@: very quick
A: very small, no large weapons, unfitting armour, see invisible, speed 3, horns
1, poison resistance
a: no special abilities


You were on level 7 of the Dungeon.
You visited 2 branches of the dungeon, and saw 9 of its levels.

You collected 424 gold pieces.

Inventory:

Hand Weapons
 a - a +0 shortbow (weapon)
Armour
 c - a +0 robe (worn)
 r - a +0 cloak (worn)
Jewellery
 d - a +6 ring of intelligence
 n - a ring of willpower (left hand)
 A - a ring of wizardry
 D - a ring of magical power
Wands
 s - a wand of flame (27)
 w - a wand of mindburst (12)
 E - a wand of iceblast (4)
Scrolls
 b - a scroll of immolation
 e - 2 scrolls of acquirement {unknown}
 f - 6 scrolls of identify {unknown}
 g - 2 scrolls of noise {unknown}
 j - a scroll of poison {unknown}
 l - 3 scrolls of teleportation {unknown}
 m - a scroll of silence {unknown}
 p - a scroll of vulnerability {unknown}
 q - a scroll of blinking {unknown}
 t - a scroll of magic mapping {unknown}
 u - a scroll of fog {unknown}
 y - a scroll of enchant armour {unknown}
Potions
 h - 2 potions of mutation
 i - 2 potions of haste {unknown}
 k - a potion of brilliance {unknown}
 o - 2 potions of berserk rage
 v - 3 potions of might {unknown}
 x - a potion of flight {unknown}
 z - a potion of heal wounds {unknown}
 B - 2 potions of lignification {unknown}
 C - a potion of attraction {unknown}


   Skills:
 + Level 5.1 Fighting
 * Level 9.3 Ranged Weapons
 + Level 8.0 Dodging
 + Level 9.2 Stealth


You had 8 spell levels left.
You didn't know any spells.
Your spell library contained the following spells:

 Spells                   Type           Power      Damage    Failure   Level
 Foxfire                  Conj/Fire      0%         2x1d4     36%         1
 Fireball                 Conj/Fire      0%         3d3       100%        5
 Starburst                Conj/Fire      0%         6d3       100%        6


Dungeon Overview and Level Annotations

Branches:
Dungeon (8/15)             Temple (1/1) D:4
   Lair: D:8-11

Altars:
Ashenzari
Cheibriados
Dithmenos
Elyvilon
Fedhas
Kikubaaqudgha
Makhleb
Nemelex Xobeh
Ru
Trog
Vehumet
Xom
Yredelemnul
The Shining One

Shops:
D:2 :   D:5 *


Innate Abilities, Weirdness & Mutations

You are very small and have problems with some larger weapons.
You are too small for most types of armour.
You have supernaturally acute eyesight. (SInv)
You cover ground extremely quickly. (Speed+++)
You have a pair of small horns on your head.
Your system is resistant to poisons. (rPois)


Message History

The centaur misses you. x2
You shoot an arrow.
The arrow hits the centaur but does no damage.
The centaur is moderately wounded.
The centaur completely misses you. x4
You shoot an arrow. The arrow barely misses the centaur.
The centaur hits you!
The centaur kicks you but does no damage.
The centaur hits you. The centaur closely misses you.
You shoot an arrow.
The arrow hits the centaur but does no damage.
The centaur is moderately wounded.
The centaur hits you! The centaur misses you. The centaur hits you!
The centaur misses you. The centaur hits you!
* * * LOW HITPOINT WARNING * * *
The centaur barely misses you.
You are too injured to fight recklessly!
You are too injured to fight recklessly!
You are too injured to fight recklessly!
The centaur misses you. The centaur completely misses you.
There is an open door here.
The centaur completely misses you. The centaur closely misses you.
The centaur attacks as you move away! The centaur closely misses you.
The centaur completely misses you. The centaur attacks as you move away!
The centaur closely misses you. The centaur kicks you.
* * * LOW HITPOINT WARNING * * *
There is a stone staircase leading up here.
There are no items here.
Aiming: Mindburst
Press: ? - help, Shift-Dir - straight line, f/p - centaur
Aim: a centaur (moderately wounded, berserk, chance to affect: 64%)
The centaur struggles to resist.
The centaur misses you. The centaur kicks you.
* * * LOW HITPOINT WARNING * * *
The centaur hits you.
* * * LOW HITPOINT WARNING * * *
The centaur misses you. The centaur closely misses you. x2
The centaur attacks as you move away! The centaur closely misses you.
The centaur completely misses you. The centaur attacks as you move away!
The centaur hits you.
You die...

#.........#########.....##...
#.........#......##.....##...
##+##.............#...........
#.................#.........#.
#..............#............#.
#....##'##.....#............#.
#... #.##.....#............#.
#.. #.....................#.
#.....c@.####....)....#.
#.#..<...# #.........##
#.#.####.# #.#)####### #.#.#
.# #.#.# ....# .# #.#.# #.###
.# #.#.# #. .. ..#.# # ##
#.#.# ###.#


You could see a centaur (berserk).

Vanquished Creatures
  Maggie (D:6)
  An unseen horror (D:7)
  A steam dragon (D:6)
  A water moccasin (D:5)
  An ice beast (D:7)
  A black bear (D:3)
  A sky beast (D:6)
  4 ogres
  3 phantoms
  A bullfrog (D:6)
  9 scorpions
  A necrophage (D:5)
  A howler monkey (D:3)
  4 hounds
  2 orc priests (D:7)
  2 jellies
  Crazy Yiuf (D:3)
  An iguana (D:5)
  4 orc wizards (D:7)
  6 adders
  4 white imps
  3 worms
  3 dart slugs
  15 orcs
  7 ball pythons
  5 endoplasms
  5 giant cockroaches
  5 goblins
  6 hobgoblins
  4 jackals (D:1)
  2 quokkas
  8 bats
  8 frilled lizards
  10 kobolds
  8 rats
139 creatures vanquished.

Vanquished Creatures (others)
  5 fungi (D:4)
  3 plants (D:4)
8 creatures vanquished.

Grand Total: 147 creatures vanquished

Notes
Turn   | Place    | Note
-------+----------+-------------------------------------------
     0 | D:1      | wormed the Spriggan Hunter began the quest for the Orb.
     0 | D:1      | Reached XP level 1. HP: 10/10 MP: 2/2
   156 | D:1      | Reached XP level 2. HP: 12/15 MP: 3/3
   502 | D:1      | Reached XP level 3. HP: 18/18 MP: 4/4
  1007 | D:2      | Found Fefecw's Book Shoppe.
  1458 | D:3      | Reached XP level 4. HP: 23/23 MP: 5/5
  1476 | D:3      | Found a runed translucent door.
  1477 | D:3      | Noticed Crazy Yiuf
  2248 | D:3      | Killed Crazy Yiuf
  2249 | D:3      | Reached skill level 5 in Ranged Weapons
  2298 | D:4      | Noticed a black bear
  2356 | D:3      | Killed a black bear
  2357 | D:3      | Reached XP level 5. HP: 24/27 MP: 6/6
  2872 | D:4      | Reached XP level 6. HP: 27/32 MP: 7/7
  3004 | D:4      | Reached skill level 5 in Stealth
  3147 | D:4      | Found a staircase to the Ecumenical Temple.
  3158 | Temple   | Entered the Ecumenical Temple
  3297 | D:4      | Reached skill level 5 in Dodging
  3297 | D:4      | Reached XP level 7. HP: 36/36 MP: 8/8
  3327 | D:4      | Gained mutation: Your system is resistant to poisons.
                  | (rPois) [potion of mutation]
  3327 | D:4      | Gained mutation: You have a pair of small horns on your
                  | head. [potion of mutation]
  3914 | D:5      | Entered Level 5 of the Dungeon
  4055 | D:5      | Found a snail-covered altar of Cheibriados.
  4265 | D:5      | Reached XP level 8. HP: 42/42 MP: 9/9
  4465 | D:5      | Found Onyopnan's Neck Hole.
  4811 | D:6      | Identified the +6 spear of Collusion {holy, rElec rPois}
  4910 | D:6      | Found a burning altar of Makhleb.
  5421 | D:6      | Noticed Maggie
  5438 | D:6      | Killed Maggie
  5439 | D:6      | Reached XP level 9. HP: 16/46 MP: 10/10
  6018 | D:7      | Noticed an unseen horror
  6060 | D:6      | HP: 1/46 [steam dragon/ball of steam (23)]
  6680 | D:8      | Noticed a rime drake
  6696 | D:7      | Killed an unseen horror
  6697 | D:7      | Reached skill level 5 in Fighting
  7068 | D:7      | Slain by a centaur

Illustrated notes

Levels and vault maps discovered:
D:1:      kennysheep_arrival_seaside, layout_loops_ring
D:2:      layout_rooms, serial_shops, shop, minivault_4
D:3:      layout_loops_corners, uniq_crazy_yiuf_cottage
D:4:      old_forge, layout_basic, minmay_temple_entry_hall, saegor_snake_ambush
D:5:      layout_cave_pools, overflow_temple_1_default,
          nicolae_shop_sticking_my_neck_out
D:6:      layout_basic, makhleb_blood_cavern_becter, grunt_decor_arrowhead,
          uniq_maggie
D:7:      layout_basic, david_defended_altar_orc
D:8:      layout_basic, minitemple, old_standard_altar,
          mainiacjoe_overflow_large_starburst, serial_shops, nicolae_shop_stone,
          nicolae_shop_overgrown_old_shop, kennysheep_mini,
          hellmonk_guarded_unrand_zhor
Temple:   nicolae_temple_ecumenical_triangle

Skill      XL: |  1  2  3  4  5  6  7  8  9 |
---------------+----------------------------+-----
Stealth        | 2 3 4 5 6 8 9 |  9.2
Dodging        | 3 4 5 6 7 8 |  8.0
Fighting       | 2 3 4 5 |  5.1
Ranged Weapons | 5 6 7 8 9 |  9.3

Action                   |  1- 3 |  4- 6 |  7- 9 || total
-------------------------+-------+-------+-------++-------
Melee: Shortbow          |     2 |       |       ||     2
 Fire: Shortbow          |   111 |   157 |   363 ||   631
Evoke: Wand              |       |       |     5 ||     5
  Use: Potion            |       |       |     4 ||     4
Armor: Robe              |     2 |     7 |    24 ||    33
Dodge: Dodged            |    21 |    70 |   202 ||   293

Table legend: (Time is in decaauts)
 A = Elapsed time spent in this place.
 B = Non-inter-level travel time spent in this place.
 C = Inter-level travel time spent in this place.
 D = Time resting spent in this place.
 E = Time spent auto-exploring this place.
 F = Levels seen in this place.
 G = Mean time per level.
                   A        B        C        D        E       F      G
               +--------+--------+--------+--------+--------+-----+--------+
         Total |   5368 |   5175 |    193 |      0 |   3985 |   9 |  596.4 |
       Dungeon |   5342 |   5151 |    191 |      0 |   3967 |   8 |  667.8 |
        Temple |     25 |     24 |      1 |      0 |     18 |   1 |   25.0 |
               +--------+--------+--------+--------+--------+-----+--------+

Top non-repeatable levels by time:
     D:6: 1149 daAuts
     D:3: 1016 daAuts
     D:4: 997 daAuts
     D:5: 792 daAuts
     D:1: 605 daAuts
     D:7: 420 daAuts
     D:2: 208 daAuts
     D:8: 151 daAuts
  Temple: 25 daAuts
